 Dungeon Crawl Stone Soup version 0.30-a0-23-ge60ba3568b (webtiles) character file.

Game seed: 10833126660144279384

24 scionoferis the Shooter (level 2, -2/24 HPs)
             Began as a Demigod Wanderer on Aug 25, 2022.
             Frozen to death by an endoplasm (5 damage)
             ... on level 1 of the Dungeon.
             The game lasted 00:02:59 (729 turns).

scionoferis the Shooter (Demigod Wanderer)           Turns: 729, Time: 00:02:59

Health: -2/24      AC:  2    Str: 13 (15) XL:     2   Next: 60%
Magic:  5/5        EV: 11    Int: 12 (15) God:
Gold:   10         SH:  0    Dex:  9 (10) Spells: 2/3 levels left

rFire   . . .      SeeInvis .    a - +0 whip
rCold   . . .      Faith    .    (no shield)
rNeg    . . .      Spirit   .    d - +0 robe
rPois   .          Reflect  .    (no helmet)
rElec   .          Harm     .    (no cloak)
rCorr   .          Rampage  .    (no gloves)
Will    .....                    (no boots)
Stlth   +.........               (no amulet)
HPRegen 0.08/turn                (no ring)
MPRegen 0.09/turn                (no ring)

@: no status effects
A: high MP 1, forlorn, divine attributes
a: no special abilities


You were on level 1 of the Dungeon.
You visited 1 branch of the dungeon, and saw 1 of its levels.

You collected 10 gold pieces.

Inventory:

Hand Weapons
 a - a +0 whip (weapon)
 b - a +2 sling
Missiles
 e - 3 silver javelins
Armour
 d - a +0 robe (worn)
Wands
 f - a wand of polymorph (3)
Scrolls
 c - a scroll of fear
 g - a scroll of poison {unknown}
 h - 2 scrolls of identify {unknown}
 i - a scroll of vulnerability {unknown}


   Skills:
 * Level 2.0 Fighting
 - Level 2.6 Ranged Weapons
 + Level 0.9 Armour
 + Level 1.4 Dodging
 - Level 1.0 Spellcasting
 - Level 1.7 Earth Magic
 - Level 1.7 Evocations


You had 2 spell levels left.
You knew the following spells:

 Your Spells              Type           Power      Damage    Failure   Level
a - Sandblast             Erth           8%         2d5       14%         1

Your spell library contained the following spells:

 Spells                   Type           Power      Damage    Failure   Level
 Stone Arrow              Conj/Erth      4%         3d7       54%         3


Dungeon Overview and Level Annotations

Branches:
Dungeon (1/15)

Shops:
D:1 :


Innate Abilities, Weirdness & Mutations

You have an increased reservoir of magic. (+10% MP)
You shall have no god before yourself.
Your divine heritage dramatically boosts your attributes as you level up.


Message History

The jackal is almost dead.
The jackal closely misses you. The jackal misses you.
The rat twitches its whiskers.
You hit the jackal.
You kill the jackal!
The jackal misses you. The jackal barely misses you.
It was a potion of degeneration.
There was something very wrong with that liquid.
You feel weakened.
You feel dopey.
You feel clumsy. The jackal bites you.
You miss the jackal. The jackal barely misses you.
The jackal bites you but does no damage.
You hit the jackal.
The jackal is almost dead.
The jackal misses you.
You closely miss the jackal.
The jackal is almost dead.
The jackal barely misses you. The jackal bites you.
You hit the jackal.
You kill the jackal!
The rat bites you.
* * * LOW HITPOINT WARNING * * *
You hit the rat.
The rat is heavily wounded.
The rat bites you.
* * * LOW HITPOINT WARNING * * *
You hit the rat.
You kill the rat!
Your Fighting skill increases to level 2!
You hit the endoplasm.
The endoplasm is heavily wounded.
The endoplasm freezes you.
You are frozen.
* * * LOW HITPOINT WARNING * * *
You barely miss the endoplasm.
You punch the endoplasm, but do no damage.
The endoplasm is heavily wounded.
The endoplasm freezes you.
You are frozen.
You die...

#...$ ... # #.###
#.#.# #.# #.#.#
#.### #.#.#
#######.... #.
#... .........##
##.####..
..######.#
......#†## #.#
......J@.#
#.######.##
.######..#
#.>.......# #..#
########..#
#..############..#
#.................
#..###########.###
#..# #...# #
##.##### #.#.###
#.....# #.#....


You could see an endoplasm.

Vanquished Creatures
  A dart slug (D:1)
  2 ball pythons (D:1)
  An endoplasm (D:1)
  A giant cockroach (D:1)
  2 goblins (D:1)
  4 jackals (D:1)
  A kobold (D:1)
  A quokka (D:1)
  2 bats (D:1)
  2 frilled lizards (D:1)
  2 rats (D:1)
19 creatures vanquished.

Notes
Turn   | Place    | Note
-------+----------+-------------------------------------------
     0 | D:1      | scionoferis the Demigod Wanderer began the quest for the
                  | Orb.
     0 | D:1      | scionoferis set off with the following items: a +2 sling, a
                  | wand of polymorph (3), a scroll of fear, a +0 robe; and the
                  | following spell memorised: Sandblast; and the following
                  | spells available to memorise: Stone Arrow.
     0 | D:1      | Reached XP level 1. HP: 16/16 MP: 4/4
   553 | D:1      | Reached XP level 2. HP: 22/23 MP: 5/5
   598 | D:1      | Found Niapn's Book Emporium.
   729 | D:1      | Frozen to death by an endoplasm

Illustrated notes

Levels and vault maps discovered:
D:1:      onia_arrival_pentagram, layout_loops_ring,
          shapermc_ecumenical_altar_mp_vishouse, serial_shops, shop

Skill      XL: |  1  2 |
---------------+-------+-----
Fighting       | 2 |  2.0
Ranged Weapons | |  2.6
Armour         | |  0.9
Dodging        | |  1.4
Spellcasting   | |  1.0
Earth Magic    | |  1.7
Evocations     | |  1.7

Action                   || total
-------------------------++-------
Melee: Whip              ||    32
       Punch             ||     1
 Fire: Sling             ||    40
 Cast: Sandblast         ||     1
  Use: Potion            ||     1
Armor: Robe              ||     8
Dodge: Dodged            ||    34

Table legend: (Time is in decaauts)
 A = Elapsed time spent in this place.
 B = Non-inter-level travel time spent in this place.
 C = Inter-level travel time spent in this place.
 D = Time resting spent in this place.
 E = Time spent auto-exploring this place.
 F = Levels seen in this place.
 G = Mean time per level.
                   A        B        C        D        E       F      G
               +--------+--------+--------+--------+--------+-----+--------+
         Total |    738 |    738 |      0 |      0 |    607 |   1 |  738.0 |
       Dungeon |    738 |    738 |      0 |      0 |    607 |   1 |  738.0 |
               +--------+--------+--------+--------+--------+-----+--------+

Top non-repeatable levels by time:
     D:1: 738 daAuts
